 Dungeon Crawl Stone Soup version 0.20.1-1-g8b1a95d (webtiles) character file.

147 Monsterracer the Firebug (level 5, 0/38 HPs)
             Began as a Draconian Fire Elementalist on July 7, 2017.
             Succumbed to a kobold's poison
             ... on level 3 of the Dungeon on July 8, 2017.
             The game lasted 00:07:26 (3138 turns).

Monsterracer the Firebug (DrFE)                     Turns: 3138, Time: 00:07:26

Health: 0/38       AC:  8    Str: 11      XL:     5   Next: 7%
Magic:  6/9        EV: 12    Int: 13 (16) God:
Gold:   101        SH:  0    Dex: 11      Spells: 2/10 levels left

rFire    . . .     SeeInvis .   n - +3 dagger (venom)
rCold    . . .     Gourm    .   (no shield)
rNeg     . . .     Faith    .   (armour unavailable)
rPois    .         Spirit   .   (helmet restricted)
rElec    .         Reflect  .   (no cloak)
rCorr    .         Harm     .   (no gloves)
MR       .....                  k - +2 pair of boots
Stlth    ++........             (no amulet)
Regen    0.2/turn               (no ring)
MPRegen  0.2/turn               (no ring)

@: lethally poisoned (0 -> -3)
A: unfitting armour, cold-blooded, AC +5
a: no special abilities


You were on level 3 of the Dungeon.
You were very hungry.

You visited 1 branch of the dungeon, and saw 3 of its levels.

You collected 101 gold pieces.

Inventory:

Hand Weapons
 n - a +3 dagger of venom (weapon)
Armour
 e - a +0 buckler
 k - a +2 pair of boots (worn)
 m - a +1 buckler of protection
Scrolls
 d - 2 scrolls of remove curse {unknown}
 h - 2 scrolls of enchant weapon {unknown}
 i - 2 scrolls of identify {unknown}
 l - a scroll of recharging {unknown}
Books
 a - a book of Flames

   Spells                             Type                      Level
   a - Flame Tongue                   Conjuration/Fire             1
   b - Throw Flame                    Conjuration/Fire             2
   c - Conjure Flame                  Conjuration/Fire             3
   d - Inner Flame                    Hexes/Fire                   3
   e - Sticky Flame                   Conjuration/Fire             4
   f - Fireball                       Conjuration/Fire             5
Comestibles
 b - 3 bread rations
 c - 3 meat rations
 f - 2 royal jellies
 g - 8 fruits


   Skills:
 - Level 1.7 Dodging
 - Level 1.7 Stealth
 + Level 3.0 Spellcasting
 * Level 3.1 Conjurations
 * Level 4.1 Fire Magic


You had 2 spell levels left.
You knew the following spells:

 Your Spells              Type           Power        Failure   Level  Hunger
a - Flame Tongue          Conj/Fire      ##...        4%          1    #......
b - Conjure Flame         Conj/Fire      ##......     16%         3    ###....
c - Sticky Flame          Conj/Fire      ##......     45%         4    #####..


Dungeon Overview and Level Annotations

Branches:
Dungeon (3/15)

Altars:
Cheibriados
Gozag


Innate Abilities, Weirdness & Mutations

Your plain brown scales are hard. (AC +5)
You cannot fit into any form of body armour.
You are cold-blooded and may be slowed by cold attacks.


Message History

Found a stone staircase leading up.
A hobgoblin comes into view. It is wielding a club.
* * * LOW HITPOINT WARNING * * *
You feel sick.
Huge Dmg: -2%(-1hp) hp: 6%(2hp)
Found 11 gold pieces.
* * * LOW HITPOINT WARNING * * *
You feel sick.
You found a teleport trap!
Found 9 gold pieces.
You see here an encrusted granite ring.
* * * LOW HITPOINT WARNING * * *
You feel sick. The dart slug completely misses you.
Huge Dmg: -3%(-1hp) hp: 3%(1hp)
You hit the dart slug but do no damage.
The dart slug is poisoned.
The dart slug barely misses you.
Your magical contamination has completely faded away.
You hit the dart slug.
You kill the dart slug!
You die...

###.# ...... ##_#.# #
...... ##≈≈≈.##.. ......
#####≈≈≈≈≈... ##(...$.
...).≈≈.≈≈######...<...
##..≈≈≈≈≈##.(^.....$..
.#..(.≈)≈......=.#
.....(...........#
......(.........@#
.............?......g...
###.....................
#.##..((.............>
#.##............#.....
#....<[........###..##
...........#####.# #...
###..............# ##.
#...#........


You could see a hobgoblin (sleeping).

Vanquished Creatures
  Robin (D:2)
  4 adders (D:2)
  An ooze (D:1)
  A worm (D:2)
  4 dart slugs
  2 leopard geckos
  5 bats
  5 giant cockroaches
  13 goblins
  11 hobgoblins
  9 jackals (D:1)
  9 kobolds
  2 quokkas
  2 ball pythons
  5 frilled lizards
  7 rats
81 creatures vanquished.

Notes
Turn   | Place    | Note
-------+----------+-------------------------------------------
     0 | D:1      | Monsterracer the Draconian Fire Elementalist began the quest for the Orb.
     0 | D:1      | Reached XP level 1. HP: 14/14 MP: 3/3
    38 | D:1      | Reached XP level 2. HP: 17/20 MP: 0/5
   521 | D:1      | Reached XP level 3. HP: 26/26 MP: 6/6
   526 | D:1      | Learned a level 3 spell: Conjure Flame
  1710 | D:2      | Found an opulent altar of Gozag.
  1720 | D:2      | Reached XP level 4. HP: 32/33 MP: 5/8
  1724 | D:2      | Noticed Robin
  1935 | D:1      | Learned a level 4 spell: Sticky Flame
  1987 | D:2      | Killed Robin
  2278 | D:2      | Reached skill level 4 in Fire Magic
  2979 | D:2      | Reached XP level 5. HP: 28/38 MP: 2/9
  3112 | D:3      | Found a snail-covered altar of Cheibriados.
  3135 | D:3      | HP: 1/38 [poisoned by a kobold]
  3138 | D:3      | Succumbed to a kobold's poison

Skill      XL: |  1  2  3  4 |
---------------+-------------+-----
Conjurations   | 2 3 |  3.1
Fire Magic     | 4 |  4.1
Spellcasting   | 3 |  3.0
Dodging        | |  1.7
Stealth        | |  1.7

Action                   |  1- 3 |  4- 6 || total
-------------------------+-------+-------++-------
Melee: Unarmed           |    11 |       ||    11
       Whip              |    94 |       ||    94
       Tailslap          |    12 |     4 ||    16
       Dagger            |    21 |    95 ||   116
 Cast: Flame Tongue      |    35 |    31 ||    66
       Conjure Flame     |     1 |       ||     1
  Use: Potion            |     4 |     1 ||     5
 Stab: Sleeping          |       |     2 ||     2
  Eat: Chunk             |     3 |     4 ||     7
Armor: Skin              |    47 |    30 ||    77
Dodge: Dodged            |   103 |    69 ||   172
